 Dungeon Crawl Stone Soup version 0.22-a0-407-gb098539 (webtiles) character file.

6 inmateoo the Scratcher (level 1, -4/11 HPs)
             Began as a Felid Wanderer on May 9, 2018.
             Slain by a kobold
             ... wielding a +0 short sword
              (6 damage)
             ... on level 1 of the Dungeon.
             The game lasted 00:00:30 (235 turns).

inmateoo the Scratcher (Felid Wanderer)              Turns: 235, Time: 00:00:31

Health: -4/11      AC:  1    Str:  6    XL:     1   Next: 75%
Magic:  2/2        EV: 15    Int: 14    God:
Gold:   31         SH:  0    Dex: 16    Spells: 0/0 levels left
                                        Lives:  0   Deaths: 0

rFire    . . .     SeeInvis +     - Unarmed
rCold    . . .     Gourm    .   (shield unavailable)
rNeg     . . .     Faith    .   (armour unavailable)
rPois    .         Spirit   .   (helmet unavailable)
rElec    .         Reflect  .   (cloak unavailable)
rCorr    .         Harm     .   (gloves unavailable)
MR       .....                  (boots unavailable)
Stlth    ++........             (no amulet)
HPRegen  0.03/turn              (no ring)
MPRegen  0.08/turn              (no ring)

@: quick
A: very small, no armour, no weapons or thrown items, stealth, claws 1, fangs 3,
see invisible, carnivore, speed 1, shaggy fur 1, slow metabolism 1, sharp paws
a: no special abilities


You were on level 1 of the Dungeon.
You were not hungry.

You visited 1 branch of the dungeon, and saw 1 of its levels.

You collected 31 gold pieces.

Inventory:

Scrolls
 b - a scroll of blinking
Potions
 a - a potion of berserk rage
 c - 2 potions of curing
Comestibles
 d - a ration


   Skills:
 - Level 4.0 Fighting
 - Level 1.3 Stealth
 * Level 4.3 Unarmed Combat
   Level 1.1 Evocations


You couldn't memorise any spells.
You didn't know any spells.

Dungeon Overview and Level Annotations

Branches:
Dungeon (1/15)

Altars:


Innate Abilities, Weirdness & Mutations

You cannot wear armour.
You are incapable of wielding weapons or throwing items.
Your paws allow you to move quietly. (Stealth)
You have sharp claws.
You have razor-sharp teeth.
You have supernaturally acute eyesight. (SInv)
You are carnivorous and can eat meat at any time.
You cover ground quickly.
You are covered in fur. (AC +1)
You have a slow metabolism.
Your sharp claws are effective at attacking unaware monsters.


Message History

You claw the frilled lizard!
You kill the frilled lizard!
You see here a frilled lizard corpse.
You start resting.
You see here 16 arrows.
The kobold shouts!
The kobold throws a stone.
The stone hits you but does no damage.
You see here a stone.
You see here a stone.
The kobold throws a stone.
The stone hits you but does no damage.
Found a scroll labeled FEIROP USHRITEA.
You see here a stone.
The kobold hits you but does no damage.
You barely miss the kobold. The kobold completely misses you.
You scratch the kobold but do no damage.
The kobold hits you with a short sword.
* * * LOW HITPOINT WARNING * * *
You completely miss the kobold. The kobold hits you with a short sword.
Ouch! That really hurt!
You die...

#. #.. #.. . #.. ?. #.# ......
#.# ...... #.### #####......
.$[.###########..........
............†.((@K.......
....###########(##.......
#...............#........
#.###############..K.#.# ...#
#####.....K()#### # ...#
#.......####...$..#
...###....w..# #.######
......l......###############
...###########.............#####


You could see a kobold.

Vanquished Creatures
  2 bats (D:1)
  2 goblins (D:1)
  A frilled lizard (D:1)
5 creatures vanquished.

Notes
Turn   | Place    | Note
-------+----------+-------------------------------------------
     0 | D:1      | inmateoo the Felid Wanderer began the quest for the Orb.
     0 | D:1      | inmateoo set off with: a potion of berserk rage, a scroll of blinking, 2 potions of curing, a ration
     0 | D:1      | Reached XP level 1. HP: 11/11 MP: 2/2
   235 | D:1      | Slain by a kobold

Vault maps used:
D:1:      dpeg_arrival_water_temple_mockup, amethyst_killhole

Action                   || total
-------------------------++-------
Melee: Unarmed           ||    14
       Bite              ||     1
Armor: Skin              ||     6
Dodge: Dodged            ||    17

Table legend:
 A = Spawn XP
 B = Non-spawn XP
 C = Spawn XP percentage of total XP
 D = Spawn monster count
 E = Non-spawn monster count
 F = Spawn count percentage of total count
 G = Total turns spent on level
                    A         B        C        D         E        F      G
               +---------+---------+-------+---------+---------+-------+---------
         Total |       0 |       9 |   0.0 |       0 |       5 |   0.0 |   235
               +---------+---------+-------+---------+---------+-------+---------
           D:1 |       0 |       9 |   0.0 |       0 |       5 |   0.0 |   235
               +---------+---------+-------+---------+---------+-------+---------
